 Dungeon Sprint DCSS version 0.21-a0-404-g291f19a (webtiles) character file.

0 Kidiri the Slasher (level 1, 0/24 HPs)
             Began as a Demonspawn Gladiator on Oct 26, 2017.
             Was an Initiate of Wu Jian.
             Slain by a gnoll
             ... wielding a +0 halberd
              (7 damage)
             ... while paralysed by a floating eye
             ... in the Dungeon (Sprint VII: "The Pits").
             The game lasted 00:01:03 (86 turns).

Kidiri the Slasher (Demonspawn Gladiator)             Turns: 86, Time: 00:01:03

Health: 0/24       AC:  4    Str: 19    XL:     1   Next: 8%
Magic:  1/1        EV:  2    Int:  9    God:    Wu Jian [......]
Gold:   0          SH:  0    Dex: 14    Spells: 0/0 levels left

rFire    . . .     SeeInvis .   s - +2 falchion
rCold    . . .     Gourm    .   (no shield)
rNeg     . . .     Faith    .   b - +0 leather armour
rPois    .         Spirit   .   c - +0 helmet
rElec    .         Reflect  .   (no cloak)
rCorr    .         Harm     .   (no gloves)
MR       .....     NoTele   +   (no boots)
Stlth    ..........             (no amulet)
HPRegen  0.08/turn              (no ring)
MPRegen  0.07/turn              (no ring)

@: paralysed, berserking
A: no striking features
a: Renounce Religion


You were in the Dungeon.
You worshipped Wu Jian.
Wu Jian was noncommittal.
You were not hungry.

You visited 1 branch

Inventory:

Hand Weapons
 a - a +0 long sword
 s - a +2 falchion (weapon)
Missiles
 d - 3 throwing nets (quivered)
 r - 10 stones
Armour
 b - a +0 leather armour (worn)
 c - a +0 helmet (worn)
Scrolls
 k - a scroll of blinking
 m - 3 scrolls of remove curse
 n - 5 scrolls of amnesia
 o - a scroll of summoning
Potions
 e - a potion of curing
 h - a potion of haste
 i - 4 potions of magic
 j - 2 potions of berserk rage
 l - 2 potions of invisibility
Comestibles
 f - 8 bread rations
 p - 40 fruits
 q - 7 meat rations


   Skills:
 * Level 2.1 Fighting
 * Level 2.7 Long Blades
 + Level 1.8 Throwing
 + Level 0.1 Armour
 * Level 2.7 Dodging
 * Level 0.3 Stealth


You couldn't memorise any spells.
You didn't know any spells.

Dungeon Overview and Level Annotations

Branches:
Dungeon (1/1)

Altars:
Ashenzari
Cheibriados
Dithmenos
Elyvilon
Fedhas
Gozag
Hepliaklqana
Kikubaaqudgha
Makhleb
Nemelex Xobeh
Okawaru
Qazlal
Ru
Sif Muna
Trog
Uskayaw
Vehumet
Wu Jian
Xom
Yredelemnul
Zin
The Shining One
Beogh
Jiyva
Lugonu


Message History

Unknown command.
The floating eye gazes piercingly through you!
You shrug off the repeated paralysis!
Unknown command.
You see here a dagger.
There is an open door to the Storerooms (Easy) here.
You feel much better.
The gnoll hits you from afar with a halberd!
Ouch! That really hurt!
Unknown command.
The floating eye seems to glare at you.
A red film seems to cover your vision as you go berserk!
You feel yourself moving faster!
You feel mighty!
You slash the floating eye!
The floating eye is severely wounded.
The gnoll closely misses you.
The floating eye gazes piercingly through you!
You suddenly lose the ability to move!
The gnoll hits you from afar with a halberd!
You die...

#_________.#
#_________.#
#_______...###########++
##########+##...........
#.?|.+)))+.##......#..#.
##########.##...........
#.........g)g...........
#+#####'#####G.....#..#.
#.# #@.......... #.#
####+#####++ +.#
#.......# ### #.......#
#.......# #...<...#
#.......# #.......#
#.......#


You could see a floating eye and a gnoll.

Vanquished Creatures
  A kobold (D)
1 creature vanquished.

Notes
Turn   | Place    | Note
-------+----------+-------------------------------------------
     0 | D        | Kidiri the Demonspawn Gladiator began the quest for the Orb.
     0 | D        | Reached XP level 1. HP: 16/16 MP: 1/1
    48 | D        | Found a bloodstained altar of Trog.
    48 | D        | Found a deep blue altar of Sif Muna.
    48 | D        | Found a viscous altar of Jiyva.
    48 | D        | Found a hazy altar of Hepliaklqana.
    48 | D        | Found an opulent altar of Gozag.
    49 | D        | Found a glowing golden altar of the Shining One.
    49 | D        | Found a glowing silver altar of Zin.
    49 | D        | Found a basalt altar of Yredelemnul.
    49 | D        | Found a shimmering altar of Xom.
    49 | D        | Found an ornate altar of the Wu Jian Council.
    49 | D        | Found a sacrificial altar of Ru.
    49 | D        | Found a stormy altar of Qazlal.
    49 | D        | Found an iron altar of Okawaru.
    49 | D        | Found a sparkling altar of Nemelex Xobeh.
    49 | D        | Found a burning altar of Makhleb.
    49 | D        | Found a blossoming altar of Fedhas.
    49 | D        | Found a white marble altar of Elyvilon.
    49 | D        | Found a shadowy altar of Dithmenos.
    49 | D        | Found a snail-covered altar of Cheibriados.
    51 | D        | Found a radiant altar of Vehumet.
    51 | D        | Found a corrupted altar of Lugonu.
    51 | D        | Found a roughly hewn altar of Beogh.
    52 | D        | Found a hide-covered altar of Uskayaw.
    52 | D        | Found an ancient bone altar of Kikubaaqudgha.
    52 | D        | Found a shattered altar of Ashenzari.
    58 | D        | Became a worshipper of the Wu Jian Council
    73 | D        | Noticed a floating eye
    75 | D        | Paralysed by a floating eye for 2 turns
    85 | D        | Paralysed by a floating eye for 3 turns
    86 | D        | Slain by a gnoll

Vault maps used:
D:        pitsprint

Action                   || total
-------------------------++-------
Melee: Falchion          ||     1
  Use: Potion            ||     2
Dodge: Dodged            ||     2
       Rpst.: Long sword ||     1

Table legend:
 A = Spawn XP
 B = Non-spawn XP
 C = Spawn XP percentage of total XP
 D = Spawn monster count
 E = Non-spawn monster count
 F = Spawn count percentage of total count
 G = Total turns spent on level
                    A         B        C        D         E        F      G
               +---------+---------+-------+---------+---------+-------+---------
         Total |       0 |       1 |   0.0 |       0 |       1 |   0.0 |    86
               +---------+---------+-------+---------+---------+-------+---------
             D |       0 |       1 |   0.0 |       0 |       1 |   0.0 |    86
               +---------+---------+-------+---------+---------+-------+---------
